 Dungeon Crawl Stone Soup version 0.17.1-3-g152610e (webtiles) character file.

337 Heskey the Cudgeler (level 6, -4/67 HPs)
             Began as an Ogre Berserker on Mar 16, 2016.
             Was a Believer of Trog.
             Slain by an ice beast (7 damage)
             ... on level 6 of the Dungeon.
             The game lasted 00:08:29 (2156 turns).

Heskey the Cudgeler (Ogre Berserker)                Turns: 2156, Time: 00:08:29

Health: -4/67      AC:  4    Str: 25    XL:     6   Next: 54%
Magic:  6/6        EV: 11    Int:  6    God:    Trog [**....]
Gold:   79         SH:  0    Dex:  9    Spells: 0 memorised, 5 levels left

rFire  . . .     SeeInvis .     k - -1 mace (curse)
rCold  . . .     Clarity  .     b - +1 animal skin
rNeg   + . .     SustAt   .     (no shield)
rPois  .         Gourm    .     (helmet restricted)
rElec  .         Spirit   .     (no cloak)
rCorr  .         Warding  .     (gloves unavailable)
rMut   .         Stasis   .     (boots unavailable)
MR     +....                    (no amulet)
Stlth  +.........               g - ring of positive energy
                                e - ring of protection from magic

@: exhausted, slowed, very slow, somewhat resistant to hostile enchantments,
very unstealthy
A: unfitting armour, tough skin 1
a: Berserk, Trog's Hand, Burn Spellbooks, Renounce Religion


You were on level 6 of the Dungeon.
You worshipped Trog.
Trog was pleased with you.
You were very hungry.

You visited 1 branch of the dungeon, and saw 4 of its levels.

You collected 79 gold pieces.

Inventory:

Hand Weapons
 a - a +0 mace
 k - a cursed -1 mace (weapon)
 o - a +1 flail
Armour
 b - a +1 animal skin (worn)
Jewellery
 e - a ring of protection from magic (left hand)
 g - a ring of positive energy (right hand)
Wands
 p - a wand of flame (17)
Scrolls
 d - 4 scrolls of identify
Potions
 q - a potion of curing
Comestibles
 c - a bread ration
 f - 2 beef jerkies
 h - a meat ration
 m - 2 slices of pizza


   Skills:
 + Level 5.7 Fighting
 + Level 5.8 Maces & Flails
 + Level 4.7 Dodging
 + Level 1.2 Stealth


You had 5 spell levels left.
You didn't know any spells.

Dungeon Overview and Level Annotations

Branches:
Dungeon (6/15)
 Temple: D:4-7

Altars:
Okawaru


Innate Abilities, Weirdness & Mutations

You are too large for most types of armour.
You have tough skin (AC +1).


Message History

The ice beast is moderately wounded.
The ice beast hits you. The ice beast freezes you!
* * * LOW HITPOINT WARNING * * *
You barely miss the ice beast.
The ice beast is moderately wounded.
The ice beast hits you.
* * * LOW HITPOINT WARNING * * *
The ice beast freezes you!
* * * LOW HITPOINT WARNING * * *
The ice beast hits you but does no damage.
You barely miss the ice beast.
The ice beast is moderately wounded.
The ice beast misses you.
The ice beast hits you but does no damage.
You hit the ice beast but do no damage.
The ice beast is moderately wounded.
The ice beast hits you.
* * * LOW HITPOINT WARNING * * *
The ice beast freezes you!
You die...

##.. ### ######## ...#
#.. ...... .$# .#
##..####?## ##....#...?.
##........#
#######.........########
#....))@Y..........)...Y
#######.$......#########
#........# ##......##
##....## ##..## ####


You could see an ice beast.

Vanquished Creatures
  A water moccasin (D:6)
  An ogre (D:6)
  An orc wizard (D:3)
  5 adders
  An ooze (D:2)
  4 worms
  7 orcs
  3 ball pythons
  4 bats
  5 giant cockroaches
  5 goblins
  3 hobgoblins (D:1)
  3 jackals (D:1)
  2 quokkas (D:2)
  4 giant newts
  5 kobolds
  5 rats
59 creatures vanquished.

Notes
Turn   | Place    | Note
--------------------------------------------------------------
     0 | D:1      | Heskey the Ogre Berserker began the quest for the Orb.
     0 | D:1      | Reached XP level 1. HP: 24/24 MP: 1/1
   172 | D:1      | Reached XP level 2. HP: 21/32 MP: 2/2
   626 | D:1      | Reached XP level 3. HP: 16/40 MP: 3/3
   967 | D:2      | Reached ** piety under Trog
  1430 | D:2      | Reached skill level 1 in Stealth
  1430 | D:2      | Reached XP level 4. HP: 49/49 MP: 4/4
  1608 | D:2      | Found an iron altar of Okawaru.
  1638 | D:2      | Reached skill level 5 in Fighting
  1765 | D:2      | Reached skill level 5 in Maces & Flails
  1912 | D:3      | Reached XP level 5. HP: 57/57 MP: 5/5
  2053 | D:3      | You fall through a shaft for 3 floors!
  2053 | D:6      | Noticed an ogre
  2068 | D:6      | Noticed an ice beast
  2085 | D:6      | Noticed a water moccasin
  2110 | D:6      | Killed a water moccasin
  2110 | D:6      | Reached XP level 6. HP: 18/66 MP: 6/6
  2143 | D:6      | Killed an ogre
  2156 | D:6      | HP: 3/67 [ice beast (2)]
  2156 | D:6      | Slain by an ice beast

Action                   |  1- 3 |  4- 6 || total
-------------------------+-------+-------++-------
Melee: Mace              |    78 |   133 ||   211
Invok: Berserk           |     1 |     2 ||     3
  Use: Scroll            |     4 |     3 ||     7
       Potion            |     1 |     2 ||     3
 Stab: Sleeping          |     1 |       ||     1
  Eat: Chunk             |     2 |     4 ||     6
